 Dungeon Crawl Stone Soup version 0.17.2-1-ge4368a0 (webtiles) character file.

11766 Goblin1989 the Basher (level 11, 0/69 HPs)
             Began as a Gargoyle Fighter on Dec 11, 2018.
             Was a High Priest of the Shining One.
             Slain by a manticore (3 damage)
             ... on level 11 of the Dungeon.
             The game lasted 00:26:49 (10161 turns).

Goblin1989 the Basher (Gargoyle Fighter)           Turns: 10161, Time: 00:26:49

Health: 0/69       AC: 25    Str: 23    XL:     11   Next: 82%
Magic:  13/15      EV:  7    Int:  9    God:    the Shining One [*****.]
Gold:   420        SH: 19    Dex:  9    Spells: 0 memorised, 10 levels left

rFire  . . .     SeeInvis .     a - +0 flail
rCold  . . .     Clarity  .     F - +0 plate armour
rNeg   + + +     SustAt   .     c - +0 shield
rPois  ∞         Gourm    .     f - +0 helmet
rElec  +         Spirit   .     o - +0 cloak
rCorr  .         Warding  .     (no gloves)
rMut   .         Stasis   .     y - +0 pair of boots
MR     .....                    (no amulet)
Stlth  ..........               (no ring)
                                (no ring)

@: divine shield, manticore barbs, glowing, not resistant to hostile
enchantments, extremely unstealthy
A: negative energy resistance 1, electricity resistance, unbreathing,
petrification resistance, rot immunity, AC +7
a: Divine Shield, Cleansing Flame, Summon Divine Warrior, Renounce Religion


You were on level 11 of the Dungeon.
You worshipped the Shining One.
The Shining One was extremely pleased with you.
You were not hungry.

You visited 1 branch of the dungeon, and saw 11 of its levels.

You collected 620 gold pieces.
You spent 200 gold pieces at shops.

Inventory:

Hand Weapons
 a - a +0 flail (weapon)
Armour
 c - a +0 shield (worn)
 f - a +0 helmet (worn)
 o - a +0 cloak (worn)
 s - a +0 fire dragon armour
 y - a +0 pair of boots (worn)
 F - a +0 plate armour (worn)
Wands
 G - a wand of fire (5)
Scrolls
 g - 2 scrolls of recharging
 j - 3 scrolls of enchant armour {unknown}
 k - 2 scrolls of fog {unknown}
 l - 3 scrolls of teleportation {unknown}
 q - 2 scrolls of fear {unknown}
 t - a scroll of enchant weapon {unknown}
 v - 3 scrolls of remove curse {@r2}
 x - 2 scrolls of noise
 B - 2 scrolls of blinking
 E - 3 scrolls of amnesia
 L - 3 scrolls of random uselessness {unknown}
 M - a scroll of magic mapping
 N - a scroll of immolation
 R - 2 scrolls of identify {@r1}
Potions
 m - 4 potions of curing {@q1}
 p - 4 potions of magic
 z - 2 potions of ambrosia
 A - a potion of heal wounds {@q2, !q}
 C - 4 potions of haste {@q3, !q}
 D - 3 potions of cancellation
Comestibles
 b - 5 fruits
 d - 9 chunks of flesh
 e - 8 bread rations {@e1}
 n - 4 beef jerkies
 r - 5 meat rations {@e2}
 H - a slice of pizza


   Skills:
 + Level 8.7 Fighting
 * Level 11.0 Maces & Flails
 + Level 8.9 Armour
 - Level 4.7 Dodging
 + Level 8.7 Shields
 * Level 5.6 Invocations


You had 10 spell levels left.
You didn't know any spells.

Dungeon Overview and Level Annotations

Branches:
Dungeon (11/15)            Temple (0/1) D:5            Lair (0/8) D:8
    Orc: D:9-12

Altars:
Ashenzari
Cheibriados
Dithmenos
Elyvilon
Fedhas
Gozag
Makhleb
Nemelex Xobeh
Qazlal
Ru
Xom
Yredelemnul
The Shining One

Shops:
D:4 !

Annotations:
D:5 1 runed door


Innate Abilities, Weirdness & Mutations

You are resistant to torment.
Your stone body is resilient (AC +7).
You are immune to poison.
You resist negative energy.
You are resistant to electric shocks.
You can survive without breathing.
You are immune to petrification.
You are immune to rotting.


Message History

A cyclops is nearby!
The cyclops throws a large rock.
The large rock hits you.
You see here a large rock {!d}.
The cyclops throws a large rock.
You block the large rock. You block the cyclops's attack.
A manticore comes into view.
You sock the cyclops!
The cyclops is moderately wounded.
The cyclops hits you!
You take 19 damage, and have 50/69 hp.
O_OOPS!!
MASSIVE DAMAGE!!
You hit the cyclops.
The cyclops is moderately wounded.
You hit the cyclops.
The cyclops is heavily wounded.
The cyclops completely misses you.
You thump the cyclops!
The cyclops is severely wounded.
You hit the cyclops.
The cyclops is almost dead.
You block the cyclops's attack.
The manticore flicks its tail.
The volley of spikes hits you!
The barbed spikes become lodged in your body.
You hit the cyclops but do no damage.
The cyclops is severely wounded.
You block the cyclops's attack.
You hit the cyclops.
The cyclops is almost dead.
You take 3 damage, and have 48/69 hp.
You sock the cyclops!
You kill the cyclops!
Your Maces & Flails skill increases to level 11!
Some of the chunks of flesh in your inventory have rotted away.
The barbs in your skin will harm you if you move.
Continue? [Y]es or [N]o only, please.
The barbs in your skin will harm you if you move.
Continue? [Y]es or [N]o only, please.
The barbs in your skin will harm you if you move.
Continue? [Y]es or [N]o only, please.
The barbs in your skin will harm you if you move.
Continue? [Y]es or [N]o only, please.
The barbs in your skin will harm you if you move.
Continue?
Okay, then.
The manticore flicks its tail.
The volley of spikes hits you!
The barbed spikes become lodged in your body.
You take 10 damage, and have 39/69 hp.
The manticore flicks its tail.
The volley of spikes hits you!
The manticore flicks its tail.
The volley of spikes hits you!
The barbed spikes become lodged in your body.
* * * LOW HITPOINT WARNING * * *
You take 15 damage, and have 24/69 hp.
O_OOPS!!
MASSIVE DAMAGE!!
The manticore flicks its tail.
The volley of spikes hits you!
The barbed spikes become lodged in your body.
* * * LOW HITPOINT WARNING * * *
You take 15 damage, and have 9/69 hp.
O_OOPS!!
MASSIVE DAMAGE!!
Your shield is strengthened by the Shining One's divine power.
You feel slightly more hungry.
The manticore flicks its tail.
The volley of spikes misses you.
You now have 12/15 mp.
Drink which item? (? for menu, Esc to quit)
Really quaff
A - 2 potions of heal wounds {@q2, !q}?
You feel much better.
The manticore flicks its tail.
The volley of spikes misses you.
You regained 16 hp, and now have 26/69 hp.
The manticore flicks its tail.
You block the volley of spikes.
An ice beast comes into view.
The manticore flicks its tail.
The volley of spikes hits you!
The barbed spikes become lodged in your body.
* * * LOW HITPOINT WARNING * * *
You take 5 damage, and have 21/69 hp.
The barbs in your skin will harm you if you move.
Continue?
The barbed spikes dig painfully into your body as you move.
* * * LOW HITPOINT WARNING * * *
The manticore bites you but does no damage.
The manticore claws you but does no damage.
You block the manticore's attack.
You take 5 damage, and have 16/69 hp.
You hit the manticore.
The manticore is lightly wounded.
The manticore bites you!
* * * LOW HITPOINT WARNING * * *
The manticore claws you but does no damage. x2
You take 13 damage, and have 3/69 hp.
You hit the manticore but do no damage.
The manticore is lightly wounded.
The manticore completely misses you. You block the manticore's attack.
The manticore claws you but does no damage.
You hit the manticore but do no damage.
The manticore is lightly wounded.
The manticore bites you but does no damage.
You block the manticore's attack. The manticore claws you.
You die...

███........█.........<<<.█
██.█..................)....
██..........................
█...........................
███........)..................
█.............................
████............................
██...†..............Y............
█.....†........H@...(.!..........
................†................
█................................
.................................
.................................
.█...............................
█.....)..........................
......†..........................
...............................█.


You could see a manticore and an ice beast.

Vanquished Creatures
  Erica (D:10)
  3 hill giants (D:11)
  A cyclops (D:11)
  The ghost of Soeti the Chopper, a novice DDFi (D:5)
  4 trolls
  A trapdoor spider zombie (D:11)
  A deep elf mage (D:8)
  A spriggan (D:7)
  Sigmund (D:6)
  12 yaks
  2 hungry ghosts
  2 steam dragons
  A wyvern (D:11)
  A hippogriff (D:10)
  The ghost of Goblin1989 the Cudgeler, an amateur GrFi (D:3)
  Duvessa (D:4)
  3 orc warriors
  A sky beast (D:10)
  An eye of draining (D:11)
  2 ice beasts
  A wasp (D:11)
  A phantom (D:4)
  2 centaurs
  8 ogres
  5 giant frogs
  Dowan (D:4)
  A water moccasin zombie (D:8)
  8 wights (D:10)
  4 killer bees (D:11)
  6 crimson imps
  A jelly (D:10)
  2 giant frog zombies
  A centaur skeleton (D:6)
  Crazy Yiuf (D:5)
  3 centaur zombies
  Ijyb (D:2)
  10 hounds
  11 orc wizards
  3 orc priests
  Terence (D:3)
  8 worker ants
  A hound skeleton (D:7)
  13 adders
  A river rat (D:8)
  8 shadow imps
  2 oozes
  An adder skeleton (D:4)
  3 worms
  3 giant geckos
  28 orcs
  5 bats
  7 giant cockroaches
  3 goblins
  4 hobgoblins
  12 jackals
  8 kobolds
  A giant cockroach zombie (D:5)
  2 giant gecko zombies
  15 giant newts
  A goblin zombie (D:5)
  A kobold zombie (D:5)
  9 quokkas
  2 quokka skeletons
  31 rats
  A fungus (D:8)
282 creatures vanquished.

Vanquished Creatures (others)
  3 fungi (D:8)
  2 plants (D:8)
5 creatures vanquished.

Grand Total: 287 creatures vanquished

Notes
Turn   | Place    | Note
--------------------------------------------------------------
     0 | D:1      | Goblin1989 the Gargoyle Fighter began the quest for the Orb.
     0 | D:1      | Reached XP level 1. HP: 14/14 MP: 1/1
    91 | D:1      | Reached XP level 2. HP: 14/19 MP: 2/2
   563 | D:2      | Reached XP level 3. HP: 20/23 MP: 3/3
   584 | D:2      | Found a shattered altar of Ashenzari.
   824 | D:2      | Noticed Ijyb
   848 | D:2      | Killed Ijyb
   848 | D:2      | Reached skill level 4 in Maces & Flails
   848 | D:2      | Reached XP level 4. HP: 23/28 MP: 4/4
   868 | D:2      | Found a glowing golden altar of the Shining One.
   912 | D:2      | Became a worshipper of the Shining One
  1032 | D:2      | Found a sparkling altar of Nemelex Xobeh.
  1229 | D:3      | Noticed Terence
  1236 | D:3      | Killed Terence
  1236 | D:3      | Reached XP level 5. HP: 32/32 MP: 5/5
  1438 | D:3      | Reached skill level 5 in Maces & Flails
  1731 | D:3      | Noticed Goblin1989's ghost (amateur GrFi)
  1762 | D:3      | Killed Goblin1989's ghost
  1762 | D:3      | Reached XP level 6. HP: 5/38 MP: 6/6
  2163 | D:4      | Reached XP level 7. HP: 33/44 MP: 7/7
  2172 | D:4      | Reached skill level 6 in Maces & Flails
  2339 | D:4      | Found Oxtudgh's Distillery.
  2348 | D:4      | Bought 2 potions of might for 80 gold pieces
  2348 | D:4      | Bought 2 potions of poison for 20 gold pieces
  2348 | D:4      | Bought 2 potions of heal wounds for 100 gold pieces
  2370 | D:4      | Found a white marble altar of Elyvilon.
  2422 | D:4      | Reached skill level 5 in Fighting
  2742 | D:4      | Reached XP level 8. HP: 38/49 MP: 8/8
  2865 | D:4      | Reached skill level 5 in Armour
  2961 | D:4      | Reached skill level 5 in Shields
  3120 | D:4      | Noticed Duvessa
  3161 | D:4      | Killed Duvessa
  3161 | D:4      | Reached skill level 7 in Maces & Flails
  3161 | D:4      | Reached skill level 1 in Invocations
  3228 | D:4      | Noticed Dowan
  3240 | D:4      | Killed Dowan
  3407 | D:5      | Entered Level 5 of the Dungeon
  3425 | D:5      | Reached skill level 1 in Dodging
  3476 | D:5      | Noticed Soeti's ghost (novice DDFi)
  3522 | D:5      | Killed Soeti's ghost
  3522 | D:5      | Reached * piety under the Shining One
  3665 | D:5      | Found a runed door.
  3667 | D:5      | Found a basalt altar of Yredelemnul.
  3718 | D:5      | Reached XP level 9. HP: 52/55 MP: 10/10
  3740 | D:5      | Found a staircase to the Ecumenical Temple.
  3843 | D:5      | Got a transparent shortbow
  3853 | D:5      | Identified the +6 shortbow of Duty {venom, rC+ rN+++ Str-4 Dex+2} (You found it on level 5 of the Dungeon)
  4051 | D:5      | Found a snail-covered altar of Cheibriados.
  4052 | D:5      | Found a sacrificial altar of Ru.
  4134 | D:5      | Noticed Crazy Yiuf
  4140 | D:5      | Killed Crazy Yiuf
  4145 | D:5      | Got an iridescent mace
  4781 | D:6      | Reached ** piety under the Shining One
  5027 | D:6      | Noticed Sigmund
  5038 | D:6      | Killed Sigmund
  5038 | D:6      | Reached skill level 8 in Maces & Flails
  6183 | D:8      | Found a blossoming altar of Fedhas.
  6183 | D:8      | Found an opulent altar of Gozag.
  6183 | D:8      | Found a stormy altar of Qazlal.
  6183 | D:8      | Found a shadowy altar of Dithmenos.
  6601 | D:8      | Reached *** piety under the Shining One
  6613 | D:8      | Reached XP level 10. HP: 58/61 MP: 12/12
  6637 | D:8      | Found a staircase to the Lair.
  6670 | D:8      | Reached skill level 9 in Maces & Flails
  6965 | D:8      | Got a smelly leather armour
  7775 | D:9      | Found a shimmering altar of Xom.
  7776 | D:9      | Found a burning altar of Makhleb.
  7930 | D:10     | Entered Level 10 of the Dungeon
  7930 | D:10     | Noticed Erica
  7944 | D:10     | Killed Erica
  8095 | D:10     | Reached skill level 10 in Maces & Flails
  8325 | D:10     | Reached XP level 11. HP: 58/68 MP: 14/14
  8347 | D:10     | Reached **** piety under the Shining One
  8904 | D:11     | Noticed a hill giant
  8943 | D:11     | Killed a hill giant
  9237 | D:11     | Noticed a hill giant
  9248 | D:11     | Killed a hill giant
  9315 | D:11     | Reached skill level 5 in Invocations
  9397 | D:11     | Noticed a hill giant
  9528 | D:11     | Killed a hill giant
  9653 | D:11     | Reached ***** piety under the Shining One
 10149 | D:11     | Reached skill level 11 in Maces & Flails
 10159 | D:11     | HP: 3/69 [manticore (14)]
 10161 | D:11     | Slain by a manticore

Action                   |  1- 3 |  4- 6 |  7- 9 | 10-12 || total
-------------------------+-------+-------+-------+-------++-------
Melee: Flail             |   123 |   144 |   473 |   537 ||  1277
Invok: Divine Shield     |       |       |       |     1 ||     1
  Use: Potion            |       |     5 |     2 |     3 ||    10
       Scroll            |       |       |     3 |     9 ||    12
  Eat: Chunk             |       |     4 |    11 |     9 ||    24
       Bread ration      |       |       |     1 |       ||     1
       Fruit             |       |       |       |     4 ||     4
       Royal jelly       |       |       |       |     2 ||     2

Vault maps used:
D:1:      matt_arrival_spirals, minmay_misc_feat_pillars, st_stairs_1,
          minmay_newt_pond
D:2:      nicolae_ashenzari_panopticon, nemelex_altar_shiori,
          corexii_corridor_pit, nicolae_tso_carved_into_rock, uniq_iyjb
D:3:      uniq_terence
D:4:      elyvilon_altar_5, serial_shops, shop, minmay_rat_hole, uniq_duvessa
D:5:      minitemple, minmay_temple_entry_overgrown, first_bread,
          dk_yredelemnul_ordeal, uniq_crazy_yiuf_cottage
D:6:      uniq_sigmund
D:7:      the_bakery, minmay_misc_feat_chi
D:8:      grunt_temple_overflow_open, due_lair_maze_entry_diamond
D:9:      grunt_temple_overflow_champion_of_chaos
D:10:     uniq_erica
